 Dungeon Crawl Stone Soup version 0.30.1-4-g462c640d31 (webtiles) character file.

Game seed: 9596699626659162450

2847 monsoonserge the Cutter (level 9, -16/69 HPs)
             Began as a Demonspawn Monk on Sept 3, 2023.
             Demolished by a freezing wraith (23 damage)
             ... on level 7 of the Dungeon.
             The game lasted 00:11:45 (4312 turns).

monsoonserge the Cutter (Demonspawn Monk)           Turns: 4312, Time: 00:11:46

Health: -16/69     AC: 11    Str: 12    XL:     9   Next: 46%
Magic:  9/9        EV: 13    Int: 12    God:
Gold:   293        SH:  0    Dex: 19    Spells: 8/8 levels left

rFire   . . .        J - +0 short sword (venom)
rCold   . . .        (no shield)
rNeg    . . .        i - +0 ring mail
rPois   .            (no helmet)
rElec   .            z - +0 cloak
rCorr   .            m - +1 pair of gloves
SInv    .            (no boots)
Will    .....        h - amulet of regeneration
Stlth   +            I - ring of flight
HPRegen 1.11/turn    (no ring)
MPRegen 0.11/turn

%: no passive effects
@: flying, hasted and slowed
A: thin metallic scales 1, foul stench 1, demonic touch 2
a: no special abilities


You were on level 7 of the Dungeon.
You visited 2 branches of the dungeon, and saw 8 of its levels.

You collected 293 gold pieces.

Inventory:

Hand Weapons
 s - a +0 rapier
 J - a +0 short sword of venom (weapon)
Missiles
 e - 4 javelins
 k - 6 poisoned darts (quivered)
 o - 2 atropa-tipped darts
 x - a throwing net
Armour
 d - an orb of light
 i - a +0 ring mail (worn)
 m - a +1 pair of gloves (worn)
 z - a +0 cloak (worn)
 L - a +0 leather armour
Magical Staves
 F - a staff of poison
Jewellery
 h - an amulet of regeneration (around neck)
 w - an amulet of the acrobat
 I - a ring of flight (left hand)
Wands
 b - a wand of flame (50)
 v - a wand of roots (3)
 y - a wand of light (17)
 K - a wand of charming (8)
Scrolls
 a - a scroll of magic mapping {unknown}
 f - 3 scrolls of immolation {unknown}
 g - 2 scrolls of teleportation {unknown}
 n - 6 scrolls of identify {unknown}
 u - 3 scrolls of fear {unknown}
 A - a scroll of amnesia {unknown}
 B - a scroll of vulnerability {unknown}
 D - a scroll of blinking {unknown}
Potions
 c - a potion of ambrosia
 j - 2 potions of lignification {unknown}
 l - a potion of mutation {unknown}
 p - a potion of might
 q - a potion of haste
 r - a potion of invisibility {unknown}
 t - 4 potions of heal wounds {unknown}
 C - 2 potions of degeneration {unknown}
 E - a potion of magic {unknown}
 G - a potion of flight {unknown}
 H - a potion of curing {unknown}


   Skills:
 + Level 5.9 Fighting
 + Level 7.2(7.7) Short Blades
 + Level 4.0(6.1) Long Blades
 + Level 5.4 Armour
 + Level 5.5 Dodging
 + Level 1.2 Stealth
 + Level 1.0 Unarmed Combat
 + Level 0.1 Evocations


You had 8 spell levels left.
You didn't know any spells.
Your spell library contained the following spells:

 Spells                   Type           Power      Damage    Failure   Level
 Magic Dart               Conj           0%         1d3       56%         1
 Call Imp                 Summ           0%         N/A       71%         2
 Ensorcelled Hibernation  Hex/Ice        0%         N/A       71%         2
 Passwall                 Tmut/Erth      0%         N/A       71%         2
 Mephitic Cloud           Conj/Pois/Air  0%         N/A       90%         3
 Ozocubu's Armour         Ice            0%         N/A       90%         3
 Swiftness                Air            0%         N/A       90%         3
 Cause Fear               Hex            0%         N/A       100%        4
 Summon Ice Beast         Ice/Summ       0%         N/A       100%        4
 Blade Hands              Tmut           0%         N/A       100%        5
 Irradiate                Conj/Tmut      0%         3d11      100%        5
 Metabolic Englaciation   Hex/Ice        0%         N/A       100%        5
 Summon Mana Viper        Hex/Summ       0%         N/A       100%        5
 Simulacrum               Ice/Necr       0%         N/A       100%        6
 Dragon Form              Tmut           0%         N/A       100%        7
 Monstrous Menagerie      Summ           0%         N/A       100%        7
 Dragon's Call            Summ           0%         N/A       100%        9


Dungeon Overview and Level Annotations

Branches:
Dungeon (7/15)             Temple (1/1) D:6

Altars:
Ashenzari
Dithmenos
Fedhas
Hepliaklqana
Nemelex Xobeh
Okawaru
Ru
Vehumet
Wu Jian
Xom

Shops:
D:6 [


Innate Abilities, Weirdness & Mutations

You are partially covered in thin metallic scales. (AC +2)
You may rarely emit foul miasma when damaged in melee.
Your touch may inflict irresistible damage on your foes.


Message History

Deactivating autopickup; reactivate with Ctrl-A.
You hit the wraith but do no damage.
The wraith is lightly damaged.
The wraith hits you!
You hit the wraith but do no damage.
The wraith is lightly damaged.
The wraith hits you but does no damage.
The efreet gestures at the wraith.
The bolt of fire hits the wraith!
The bolt of fire misses you.
The tree burns like a torch!
You hit the wraith.
The wraith is severely damaged.
The wraith hits you but does no damage.
The efreet gestures at the wraith.
The bolt of fire misses the wraith.
The bolt of fire hits you!!
The tree burns like a torch!
Aiming: Bolt of Light
Press: ? - help, Shift-Dir - straight line The bolt of light hits the wraith!
You destroy the wraith!
The bolt of light hits the efreet!
The efreet is almost dead.
Your Short Blades skill increases to level 7!
You catch the helpless efreet completely off-guard!
You puncture the efreet!
You kill the efreet!
A freezing wraith comes into view.
The forest fire spreads!
You hit the freezing wraith but do no damage.
You touch the freezing wraith!
The freezing wraith is lightly damaged.
The freezing wraith hits you. The freezing wraith freezes you!
* * * LOW HITPOINT WARNING * * *
The freezing wraith hits you!
* * * LOW HITPOINT WARNING * * *
It was a potion of haste.
You feel yourself speed up. The freezing wraith hits you.
* * * LOW HITPOINT WARNING * * *
The freezing wraith freezes you!!
You die...

######.######
♣♣..♣♣ ♣♣....♣
♣♣..♣♣..♣
♣♣..♣♣♣♣..♣
♣♣..♣##{♣♣..♣
♣♣..♣# C°♣♣..♣
♣♣.#♣..♣♣
#W♣♣..
♣......♣♣
♣@♣♣.
.⌠♣♣#♣♣†.♣♣
♣..§♣ ♣♣..♣♣
♣♣..§♣
♣♣..♣♣♣♣..♣♣§#
♣♣..♣♣..♣♣ ♣#
♣♣....♣♣
♣♣..♣♣ ♣.♣♣
#.#


You could see a cyclops and a freezing wraith.

Vanquished Creatures
  A boulder beetle (D:7)
  A gargoyle (D:6)
  An efreet (D:7)
  A wraith (D:7)
  A water moccasin (D:6)
  An ice beast (D:6)
  2 black bears
  3 phantoms
  3 bullfrogs
  A gnoll sergeant (D:5)
  A scorpion (D:5)
  4 jellies
  4 hounds
  A gnoll bouda (D:4)
  Crazy Yiuf (D:4)
  Natasha (thrice) (D:4)
  4 iguanas
  18 gnolls
  4 adders
  A white imp (D:6)
  A dart slug (D:3)
  9 orcs
  6 ball pythons
  4 bats (D:2)
  7 endoplasms
  3 giant cockroaches (D:1)
  6 goblins
  2 hobgoblins (D:1)
  4 kobolds
  4 quokkas
  5 frilled lizards
  5 rats
112 creatures vanquished.

Notes
Turn   | Place    | Note
-------+----------+-------------------------------------------
     0 | D:1      | monsoonserge the Demonspawn Monk began the quest for the
                  | Orb.
     0 | D:1      | Reached XP level 1. HP: 18/18 MP: 1/1
   157 | D:1      | Gained mutation: You may rarely emit foul miasma when
                  | damaged in melee. [demonic ancestry]
   157 | D:1      | Reached XP level 2. HP: 24/24 MP: 2/2
   542 | D:2      | Gained mutation: Your touch may inflict minor irresistible
                  | damage on your foes. [demonic ancestry]
   542 | D:2      | Reached XP level 3. HP: 29/29 MP: 3/3
  1186 | D:3      | Reached XP level 4. HP: 35/35 MP: 4/4
  1392 | D:3      | Noticed a phantom
  1487 | D:3      | Killed a phantom
  1488 | D:3      | Reached skill level 1 in Armour
  1488 | D:3      | Reached skill level 1 in Unarmed Combat
  1488 | D:3      | Gained mutation: Your touch may inflict irresistible damage
                  | on your foes. [demonic ancestry]
  1488 | D:3      | Reached XP level 5. HP: 34/41 MP: 5/5
  1809 | D:3      | Found a faded altar of an unknown god.
  1971 | D:4      | Found a runed translucent door.
  1972 | D:4      | Noticed Crazy Yiuf
  2023 | D:4      | Noticed Natasha
  2035 | D:4      | Killed Natasha
  2075 | D:4      | Noticed Natasha
  2088 | D:4      | Reached skill level 1 in Short Blades
  2088 | D:4      | Killed Natasha
  2108 | D:4      | Noticed Natasha
  2120 | D:4      | Killed Natasha
  2255 | D:4      | Reached skill level 2 in Short Blades
  2255 | D:4      | Gained mutation: You are partially covered in thin metallic
                  | scales. (AC +2) [demonic ancestry]
  2255 | D:4      | Reached XP level 6. HP: 47/47 MP: 6/6
  2511 | D:4      | Reached skill level 3 in Short Blades
  2798 | D:4      | Killed Crazy Yiuf
  2861 | D:5      | Entered Level 5 of the Dungeon
  2861 | D:5      | Found an iron altar of Okawaru.
  2866 | D:5      | Reached XP level 7. HP: 53/53 MP: 7/7
  3027 | D:5      | Reached skill level 4 in Short Blades
  3500 | D:6      | Found a broken altar of Ashenzari.
  3504 | D:6      | Found a staircase to the Ecumenical Temple.
  3522 | D:6      | Reached XP level 8. HP: 61/61 MP: 8/8
  3523 | Temple   | Entered the Ecumenical Temple
  3697 | D:6      | Reached skill level 5 in Short Blades
  3812 | D:6      | Noticed a gargoyle
  3821 | D:6      | HP: 2/61 [gargoyle/stone arrow (15)]
  3823 | D:6      | Killed a gargoyle
  3824 | D:6      | Reached skill level 5 in Fighting
  3824 | D:6      | Reached skill level 5 in Dodging
  3874 | D:6      | Found Cipuch's Antique Armour Boutique.
  4240 | D:7      | Reached skill level 1 in Stealth
  4245 | D:7      | Reached skill level 6 in Short Blades
  4281 | D:7      | Reached XP level 9. HP: 64/68 MP: 9/9
  4289 | D:7      | Noticed a cyclops
  4289 | D:7      | Noticed an efreet
  4293 | D:7      | Noticed a boulder beetle
  4300 | D:7      | Killed a boulder beetle
  4301 | D:7      | Reached skill level 5 in Armour
  4310 | D:7      | Reached skill level 7 in Short Blades
  4310 | D:7      | Killed an efreet
  4310 | D:7      | Noticed a freezing wraith
  4312 | D:7      | Demolished by a freezing wraith

Illustrated notes

Levels and vault maps discovered:
D:1:      co_arrival_random_square_maze, layout_basic, minmay_misc_feat_alley,
          nicolae_figureground_sparkle
D:2:      layout_loops_ring
D:3:      layout_rooms, shapermc_ecumenical_altar_hornbeckon,
          dreamdust_mushroom_princess
D:4:      layout_loops_corners, uniq_natasha, uniq_crazy_yiuf_cottage
D:5:      layout_basic, okawaru_metal_pillars_3
D:6:      layout_basic, ashenzari_altar_1, minmay_temple_entry_water_ring,
          serial_shops, shop, minmay_misc_feat_roman
D:7:      nzn_winding_woodlands_cross
          [nzn_winding_woodlands_5x15_river_crossing,
          nzn_winding_woodlands_5x15_twine, nzn_winding_woodlands_5x15_jagged,
          nzn_winding_woodlands_5x15_longhouse,
          nzn_winding_woodlands_15x15_thick_spiral], layout_rooms,
          mainiacjoe_overflow_surrounded_room, uniq_joseph
Temple:   nicolae_temple_ecumenical_triangle

Skill      XL: |  1  2  3  4  5  6  7  8  9 |
---------------+----------------------------+-----
Long Blades    | 3 4 |  4.0
Dodging        | 3 4 5 |  5.5
Armour         | 1 2 3 4 5 |  5.4
Unarmed Combat | 1 |  1.0
Short Blades   | 2 3 4 6 7 |  7.2
Fighting       | 4 5 |  5.9
Stealth        | 1 |  1.2
Evocations     | |  0.1

Action                     |  1- 3 |  4- 6 |  7- 9 || total
---------------------------+-------+-------+-------++-------
  Melee: Falchion          |    62 |       |       ||    62
         Rapier            |     4 |   141 |   140 ||   285
         Touch             |     3 |    26 |    47 ||    76
         Punch             |     1 |     2 |     3 ||     6
         Short sword       |       |       |    37 ||    37
  Evoke: Wand              |       |       |     2 ||     2
    Use: Potion            |       |     1 |     2 ||     3
   Stab: Invisible         |       |       |     1 ||     1
 Armour: Robe              |     4 |       |       ||     4
         Ring mail         |    16 |    48 |    54 ||   118
  Dodge: Dodged            |    45 |    95 |    86 ||   226
